 Dungeon Crawl Stone Soup version 0.30-a0-847-g17996783a1 (webtiles) character file.

Game seed: 14852395624312320414

158 holysushi the Cutter (level 5, -4/41 HPs)
             Began as a Demonspawn Monk on Mar 3, 2023.
             Was an Elder of Cheibriados.
             Killed by an exploding orc (44 damage)
             ... ignited by their inner flame
             ... on level 3 of the Dungeon.
             The game lasted 00:03:46 (2342 turns).

holysushi the Cutter (Demonspawn Monk)              Turns: 2342, Time: 00:03:46

Health: -4/41      AC:  3    Str: 21    XL:     5   Next: 16%
Magic:  5/5        EV: 14    Int: 21    God:    Cheibriados [****..]
Gold:   1109       SH:  6    Dex: 28    Spells: 4/4 levels left

rFire   . . .      SeeInvis +    a - +2 short sword
rCold   . . .      Faith    .    u - +1 buckler
rNeg    . . .      Spirit   .    b - +0 robe
rPois   +          Reflect  .    f - +0 helmet
rElec   .          Rampage  .    (no cloak)
rCorr   .                        (no gloves)
Will    .....                    (no boots)
Stlth   +++                      (no amulet)
HPRegen 1.26/turn                e - ring of see invisible
MPRegen 0.09/turn                t - ring of poison resistance

@: very slow
A: demonic guardian 1, powered by death 1, demonic touch 1
a: Renounce Religion, Bend Time, Temporal Distortion, Slouch


You were on level 3 of the Dungeon.
You worshipped Cheibriados.
Cheibriados was greatly pleased with you.
You visited 1 branch of the dungeon, and saw 3 of its levels.

You collected 1109 gold pieces.

Inventory:

Hand Weapons
 a - a +2 short sword (weapon)
Armour
 b - a +0 robe (worn)
 f - a +0 helmet (worn)
 u - a +1 buckler (worn)
Jewellery
 e - a ring of see invisible (left hand)
 g - a +6 ring of strength
 t - a ring of poison resistance (right hand)
Scrolls
 l - a scroll of fog
 m - 2 scrolls of fear
Potions
 d - a potion of might
 i - a potion of heal wounds
 j - a potion of haste
 n - 2 potions of curing {unknown}
 o - a potion of flight {unknown}
 p - 2 potions of cancellation {unknown}
 r - a potion of mutation {unknown}
 v - a potion of degeneration {unknown}


   Skills:
 - Level 3.0 Fighting
 + Level 4.9 Short Blades
 + Level 3.4 Dodging
 - Level 1.7 Stealth


You had 4 spell levels left.
You didn't know any spells.
Your spell library was empty.

Dungeon Overview and Level Annotations

Branches:
Dungeon (3/15) Zot: 23515

Altars:
Cheibriados
Xom


Innate Abilities, Weirdness & Mutations

A weak demonic guardian rushes to your aid.
You regenerate a little health from kills.
Your touch may inflict minor irresistible damage on your foes.


Message History

The frilled lizard attacks as you move away!
The frilled lizard bites you but does no damage.
You closely miss the frilled lizard. The frilled lizard closely misses you.
You closely miss the frilled lizard. You block the frilled lizard's attack.
You hit the frilled lizard.
You kill the frilled lizard!
Cheibriados appreciates the change of pace.
You hit the hobgoblin.
The hobgoblin is heavily wounded.
The hobgoblin closely misses you.
You hit the hobgoblin.
The hobgoblin is severely wounded.
You hit the hobgoblin but do no damage.
The hobgoblin is severely wounded.
The hobgoblin hits you.
You completely miss the hobgoblin.
The hobgoblin is severely wounded.
The hobgoblin barely misses you.
You hit the hobgoblin.
You kill the hobgoblin!
Cheibriados appreciates the change of pace.
Cheibriados raises the support of your attributes as your movement slows.
You aren't carrying any items that you can evoke.
Unknown command.
Your movement speed is very slow.
Your attack delay is about 0.8.
Your damage rating with your +2 short sword is about 10 (Base 5 x 145% (Dex) x 114% (Skill) + 2 (Ench)).
Your base attributes are Str 11, Int 11, Dex 18.
As you read the scroll labelled WEAHUA XIMOUWN, it crumbles to dust.
The creatures around you are filled with an inner flame!
It was a scroll of immolation.
The orc hits you but does no damage.
You hit the orc.
Flame seeps out of the orc.
The orc is lightly wounded.
The orc is engulfed in blazing flames.
Cheibriados appreciates the change of pace.
The orc explodes!
The fiery explosion engulfs the orc!!!
Cheibriados appreciates the change of pace.
The fiery explosion engulfs you!!!
Ouch! That really hurt!
You die...

####.##......#
#..##......# #.###......#
#. #......# #. #......#
#. #......# #. #......#
#. #......######
#.......§○@.####
###....##'##....###
##...####...####...##
#..### #...#.(###..#
#.##.# #...#..#§##.# #
#.'..# #...#..#..§.#
#.#.##†# #...#)†#§##§#
#....### #...#..###.§#
###.##...##+#$($#'##...§#


There were no monsters in sight!

Vanquished Creatures
  2 orc wizards (D:3)
  2 adders
  A worm (D:2)
  2 dart slugs (D:2)
  9 orcs
  9 ball pythons
  3 endoplasms
  3 giant cockroaches
  5 goblins
  7 hobgoblins
  4 jackals (D:1)
  4 quokkas
  9 bats
  5 frilled lizards
  4 kobolds
  7 rats
76 creatures vanquished.

Notes
Turn   | Place    | Note
-------+----------+-------------------------------------------
     0 | D:1      | holysushi the Demonspawn Monk began the quest for the Orb.
     0 | D:1      | Reached XP level 1. HP: 18/18 MP: 1/1
   148 | D:1      | Reached skill level 3 in Short Blades
   190 | D:1      | Gained mutation: Your touch may inflict minor irresistible
                  | damage on your foes. [demonic ancestry]
   190 | D:1      | Reached XP level 2. HP: 22/24 MP: 2/2
   343 | D:1      | Found a faded altar of an unknown god.
   478 | D:1      | Prayed at the altar of an unknown god.
   478 | D:1      | Became a worshipper of Cheibriados the Contemplative
   478 | D:1      | Reached * piety under Cheibriados
   478 | D:1      | Reached ** piety under Cheibriados
   645 | D:1      | Reached *** piety under Cheibriados
   646 | D:1      | Reached XP level 3. HP: 25/29 MP: 3/3
  1047 | D:2      | Reached skill level 4 in Short Blades
  1203 | D:2      | Found a shimmering altar of Xom.
  1653 | D:3      | Gained mutation: A weak demonic guardian rushes to your
                  | aid. [demonic ancestry]
  1653 | D:3      | Reached XP level 4. HP: 28/35 MP: 4/4
  1999 | D:3      | Reached **** piety under Cheibriados
  2082 | D:3      | Gained mutation: You regenerate a little health from kills.
                  | [demonic ancestry]
  2082 | D:3      | Reached XP level 5. HP: 41/41 MP: 5/5
  2316 | D:3      | Identified a scroll of acquirement
  2316 | D:3      | Acquired 831 gold pieces
  2329 | D:3      | Noticed an ice beast
  2342 | D:3      | Killed by an exploding orc... ignited by their inner flame

Illustrated notes

Levels and vault maps discovered:
D:1:      dpeg_arrival_houses_and_road, layout_loops_ring,
          basic_ecumenical_altar
D:2:      layout_basic, basic_altar
D:3:      kb_forest_paths, layout_basic, minmay_divided_ellipse

Skill      XL: |  1  2  3  4 |
---------------+-------------+-----
Short Blades   | 3 4 |  4.9
Dodging        | 3 |  3.4
Fighting       | |  3.0
Stealth        | |  1.7

Action                     |  1- 3 |  4- 6 || total
---------------------------+-------+-------++-------
  Melee: Short sword       |   138 |    65 ||   203
         Punch             |     1 |       ||     1
         Touch             |    15 |    11 ||    26
    Use: Potion            |     1 |       ||     1
         Scroll            |       |    10 ||    10
   Stab: Sleeping          |     7 |     6 ||    13
 Armour: Robe              |    33 |    13 ||    46
  Dodge: Dodged            |   116 |    32 ||   148
  Block: Buckler           |       |     9 ||     9

Table legend: (Time is in decaauts)
 A = Elapsed time spent in this place.
 B = Non-inter-level travel time spent in this place.
 C = Inter-level travel time spent in this place.
 D = Time resting spent in this place.
 E = Time spent auto-exploring this place.
 F = Levels seen in this place.
 G = Mean time per level.
                   A        B        C        D        E       F      G
               +--------+--------+--------+--------+--------+-----+--------+
         Total |   3250 |   3097 |    153 |      0 |   2386 |   3 | 1083.3 |
       Dungeon |   3250 |   3097 |    153 |      0 |   2386 |   3 | 1083.3 |
               +--------+--------+--------+--------+--------+-----+--------+

Top non-repeatable levels by time:
     D:2: 1134 daAuts
     D:3: 1071 daAuts
     D:1: 1045 daAuts
